 Dungeon Crawl Stone Soup version 0.23-a0-181-g24f899a (webtiles) character file.

2946 Kuinu the Fighter (level 9, -3/127 HPs)
             Began as a Black Draconian Berserker on Sept 19, 2018.
             Was an Elder of Trog.
             Killed from afar by an orc wizard (6 damage)
             ... with a magic dart
             ... on level 7 of the Dungeon.
             The game lasted 00:21:54 (5534 turns).

Kuinu the Fighter (Black Draconian Berserker)       Turns: 5534, Time: 00:21:55

Health: -3/127     AC: -1    Str: 24    XL:     9   Next: 51%
Magic:  9/9        EV: 15    Int:  8    God:    Trog [****..]
Gold:   372        SH:  5    Dex: 14    Spells: 8/8 levels left

rFire    . . .     SeeInvis .   E - +1 falchion (curse)
rCold    . . .     Gourm    .   u - +2 buckler {reflect}
rNeg     . . .     Faith    +   (armour unavailable)
rPois    .         Spirit   .   (helmet restricted)
rElec    +         Reflect  +   D - +1 cloak {+Inv}
rCorr    .         Harm     .   h - +0 pair of gloves
MR       ++...                  v - +0 pair of boots
Stlth    ..........             r - amulet of faith
HPRegen  1.31/turn              t - ring of stealth
MPRegen  0.11/turn              (no ring)

@: berserking, corroded, regenerating, very quick
A: breathe lightning, unfitting armour, electricity resistance, cold-blooded, AC
+7
a: Breathe Lightning, Berserk, Trog's Hand, Brothers in Arms, Renounce Religion,
Evoke Invisibility


You were on level 7 of the Dungeon.
You worshipped Trog.
Trog was greatly pleased with you.
You were near starving.

You visited 1 branch of the dungeon, and saw 7 of its levels.

You collected 372 gold pieces.

Inventory:

Hand Weapons
 a - a +0 falchion
 E - a cursed +1 falchion (weapon)
Armour
 f - a cursed +0 leather armour
 h - a +0 pair of gloves (worn)
 u - a +2 buckler of reflection (worn)
 v - a +0 pair of boots (worn)
 D - a +1 cloak of invisibility (worn)
Jewellery
 r - an amulet of faith (around neck)
 t - a ring of stealth (left hand)
 A - an uncursed amulet of the acrobat {unknown}
Wands
 d - a wand of random effects (21)
 y - a wand of polymorph (9)
Scrolls
 k - 2 scrolls of magic mapping {unknown}
 l - a scroll of noise {unknown}
 q - 3 scrolls of teleportation {unknown}
 s - 2 scrolls of remove curse {unknown}
 w - a scroll of immolation {unknown}
 x - a scroll of blinking {unknown}
 C - a scroll of amnesia {unknown}
Potions
 c - 4 potions of curing
 e - 2 potions of might
 g - a potion of ambrosia
 i - a potion of heal wounds
 j - 2 potions of invisibility
 m - a potion of cancellation
 o - a potion of degeneration
 p - a potion of flight
 z - 2 potions of haste
 B - a potion of magic
Comestibles
 b - 10 rations


   Skills:
 * Level 9.8 Fighting
 * Level 9.0 Long Blades
 + Level 6.0 Dodging


You had 8 spell levels left.
You didn't know any spells.
Your spell library was empty.

Dungeon Overview and Level Annotations

Branches:
Dungeon (7/15)             Temple (0/1) D:6

Altars:
Fedhas
Gozag
Qazlal
Sif Muna
Trog
Uskayaw
Wu Jian
The Shining One

Shops:
D:5 (   D:7 :

Annotations:
D:5 3 runed doors, Tovarisch's ghost, novice OpFE


Innate Abilities, Weirdness & Mutations

You can breathe wild blasts of lightning.
Your glossy black scales are hard. (AC +7)
You cannot fit into any form of body armour.
You are resistant to electric shocks. (rElec)
You are cold-blooded and may be slowed by cold attacks.


Message History

* * * LOW HITPOINT WARNING * * *
The orc priest zaps a wand.
The bolt of acid misses you.
You hit the orc priest.
The orc priest is severely wounded.
You closely miss the orc priest.
The orc priest is severely wounded.
The orc misses you. The orc wizard hits you with a dagger.
* * * LOW HITPOINT WARNING * * *
The orc priest completely misses you.
You hit the orc priest.
The orc priest is severely wounded.
You hit the orc priest but do no damage.
You tail-slap the orc priest, but do no damage.
The orc priest is severely wounded.
The orc closely misses you.
You riposte.
You slash the orc!
You kill the orc!
Trog accepts your kill. The orc wizard casts a spell at you.
The magic dart hits you!
You die...

.########### ..
#.........(##..
.........[..(..
.(..........#..
#............ #.......%..#
. #.....o)o..# . #.
####..@# #.#. #....#.# .
#.#. #.## #.# . #...###.#
#.# .# #...##.# #(## #.#
#.#.##.# #(.#####..#
#......# ##.).....#
#...#########)...######.#
##...#####(.([).#........#


You could see an orc priest and an orc wizard.

Vanquished Creatures
  Prince Ribbit (D:5)
  Grinder (D:5)
  Sigmund (D:2)
  A phantom (D:6)
  A sky beast (D:7)
  4 ogres
  2 centaurs
  A crocodile (D:6)
  A big kobold (D:7)
  A scorpion (D:5)
  8 killer bees (D:7)
  5 wights (D:7)
  A crimson imp (D:6)
  A quasit (D:7)
  A centaur skeleton (D:7)
  3 hounds (D:6)
  2 jellies
  A gnoll shaman (D:7)
  3 orc priests
  2 bullfrog skeletons
  3 orc wizards
  Crazy Yiuf (D:6)
  2 iguanas
  5 worker ants
  3 worker ant zombies
  Robin (D:2)
  4 gnolls (D:7)
  8 adders
  An ooze (D:1)
  An adder zombie (D:7)
  5 leopard geckos
  21 orcs
  6 giant cockroaches
  14 goblins
  4 hobgoblins
  21 jackals
  9 kobolds
  4 quokkas
  2 ball pythons
  A ball python skeleton (D:5)
  10 bats
  4 frilled lizards
  A jackal skeleton (D:6)
  7 rats
179 creatures vanquished.

Notes
Turn   | Place    | Note
-------+----------+-------------------------------------------
     0 | D:1      | Kuinu the Draconian Berserker began the quest for the Orb.
     0 | D:1      | Reached XP level 1. HP: 19/19 MP: 1/1
   128 | D:1      | Reached XP level 2. HP: 26/26 MP: 2/2
   491 | D:2      | Noticed Sigmund
   492 | D:2      | Found a faded altar of an unknown god.
   496 | D:2      | Reached ** piety under Trog
   844 | D:2      | Noticed Robin
   853 | D:2      | Reached XP level 3. HP: 30/33 MP: 3/3
   889 | D:2      | Killed Robin
   971 | D:2      | Killed Sigmund
   971 | D:2      | Reached skill level 5 in Fighting
   971 | D:2      | Reached XP level 4. HP: 19/42 MP: 4/4
   971 | D:2      | Reached XP level 5. HP: 22/48 MP: 5/5
  1139 | D:2      | Found a hide-covered altar of Uskayaw.
  1312 | D:2      | Found an opulent altar of Gozag.
  1458 | D:3      | Found a stormy altar of Qazlal.
  1552 | D:3      | Reached XP level 6. HP: 48/56 MP: 6/6
  1727 | D:3      | Reached skill level 5 in Long Blades
  2219 | D:4      | Your scales start taking on a glossy black colour.
  2219 | D:4      | Reached XP level 7. HP: 63/63 MP: 7/7
  2219 | D:4      | Gained mutation: You are resistant to electric shocks.
                  | (rElec) [Black Draconian growth]
  2555 | D:5      | Entered Level 5 of the Dungeon
  2683 | D:5      | Noticed Grinder
  2701 | D:5      | Killed Grinder
  2841 | D:5      | Noticed Prince Ribbit
  2843 | D:5      | Killed Prince Ribbit
  2887 | D:5      | Reached XP level 8. HP: 48/73 MP: 8/8
  2927 | D:5      | Found Pump's Weapon Shop.
  2943 | D:5      | Reached *** piety under Trog
  2965 | D:5      | Found a blossoming altar of Fedhas.
  3036 | D:5      | Found a glowing golden altar of the Shining One.
  3050 | D:5      | Found a bloodstained altar of Trog.
  3185 | D:5      | Found a runed gate.
  3185 | D:5      | Found a runed gate.
  3185 | D:5      | Found a runed gate.
  3185 | D:5      | Noticed Tovarisch's ghost (novice OpFE)
  3354 | D:5      | Found an ornate altar of the Wu Jian Council.
  3515 | D:6      | Reached skill level 5 in Dodging
  3917 | D:6      | Found a staircase to the Ecumenical Temple.
  4233 | D:6      | Found a deep blue altar of Sif Muna.
  4639 | D:6      | Found a runed door.
  4774 | D:6      | Noticed Crazy Yiuf
  4776 | D:6      | Paralysed by Crazy Yiuf for 3 turns
  4785 | D:6      | Killed Crazy Yiuf
  4866 | D:7      | Found Uklaerunuk's Book Shoppe.
  4879 | D:7      | Reached XP level 9. HP: 82/82 MP: 9/9
  4899 | D:7      | Reached **** piety under Trog
  5530 | D:7      | HP: 4/127 [orc wizard/magic dart (7)]
  5532 | D:7      | HP: 1/127 [orc wizard/dagger (4)]
  5534 | D:7      | Killed from afar by an orc wizard

Vault maps used:
D:1:      mushboom_english_gardens
D:2:      old_standard_altar, overflow_temple_1_default,
          chequers_ecumenical_altar_island, first_ration, uniq_robin,
          uniq_sigmund
D:3:      overflow_temple_1_default
D:5:      marbit_many_paths, grunt_temple_overflow_open, kennysheep_mini_moat,
          serial_shops, nicolae_shop_waterfront, gammafunk_ghost_necromancy,
          uniq_grinder, uniq_prince_ribbit1
D:6:      lemuel_round_altar, minmay_temple_entry_from_below_a,
          uniq_crazy_yiuf_cottage
D:7:      elyvilon_altar_5, serial_shops, nicolae_shop_stone,
          nicolae_shop_window_shopping, shop_fountains, nicolae_shop_stone

Skill      XL: |  1  2  3  4  5  6  7  8  9 |
---------------+----------------------------+-----
Dodging        | 3 4 5 6 |  6.0
Fighting       | 5 6 7 8 9 |  9.8
Long Blades    | 4 5 6 8 9 |  9.0

Action                   |  1- 3 |  4- 6 |  7- 9 || total
-------------------------+-------+-------+-------++-------
Melee: Falchion          |   113 |    81 |   466 ||   660
       Tailslap          |    16 |    15 |    74 ||   105
Invok: Trog's Hand       |     3 |     1 |     8 ||    12
       Berserk           |     2 |     3 |     6 ||    11
 Abil: Breathe Lightning |       |       |     9 ||     9
  Use: Scroll            |       |       |    10 ||    10
 Stab: Sleeping          |       |     1 |     1 ||     2
  Eat: Chunk             |     2 |     7 |    21 ||    30
Armor: Skin              |    37 |    28 |   137 ||   202
Dodge: Dodged            |    92 |    67 |   303 ||   462
Block: Buckler           |       |       |   126 ||   126
       Reflection        |       |       |     1 ||     1
       Rpst.: Falchion   |    23 |    22 |    84 ||   129

Table legend:
 A = Non-vault XP
 B = Vault XP
 C = Vault XP percentage of total XP
 D = Non-vault monster count
 E = Vault monster count
 F = Vault count percentage of total count
                 A         B        C        D         E       F
            +---------+---------+-------+---------+---------+-------
      Total |    3300 |     909 |  21.6 |     161 |      18 |  10.1
            +---------+---------+-------+---------+---------+-------
        D:1 |      36 |       0 |   0.0 |      20 |       0 |   0.0
        D:2 |       8 |     274 |  97.2 |       6 |      14 |  70.0
        D:3 |     158 |       0 |   0.0 |      26 |       0 |   0.0
        D:4 |     311 |       0 |   0.0 |       9 |       0 |   0.0
        D:5 |     532 |     596 |  52.8 |      21 |       3 |  12.5
        D:6 |     746 |      39 |   5.0 |      32 |       1 |   3.0
        D:7 |    1509 |       0 |   0.0 |      47 |       0 |   0.0
            +---------+---------+-------+---------+---------+-------
